 Dungeon Crawl Stone Soup version 0.29.0-13-gc9e81de378 (webtiles) character file.

Game seed: 18439519095772747133

7446 LustLizard the Grappler (level 10, -12/102 HPs)
             Began as a Troll Fighter on Sept 10, 2022.
             Was an Elder of Wu Jian.
             Mangled by an orc warlord
             ... wielding a +6 battleaxe
              (34 damage)
             ... in a bailey on Sept 11, 2022.
             The game lasted 00:14:55 (5128 turns).

LustLizard the Grappler (Troll Fighter)             Turns: 5128, Time: 00:14:56

Health: -12/102    AC:  4    Str: 26    XL:     10   Next: 93%
Magic:  9/9        EV: 10    Int:  8    God:    Wu Jian [****..]
Gold:   303        SH:  9    Dex:  9    Spells: 9/9 levels left

rFire   + + .      SeeInvis .     - Unarmed
rCold   + . .      Faith    .   b - +0 kite shield
rNeg    . . .      Spirit   .   a - +0 robe
rPois   .          Reflect  .   (helmet restricted)
rElec   .          Harm     .   I - scarf {rC+ rF+}
rCorr   .          Rampage  .   (gloves unavailable)
Will    .....                   (boots unavailable)
Stlth   +.........              t - amulet of regeneration
HPRegen 1.87/turn               f - ring of protection from fire
MPRegen 0.11/turn               (no ring)

@: about to teleport
A: large, unfitting armour, claws 3, regeneration 1, shaggy fur 1, tough skin 1
a: Renounce Religion, Wall Jump, Serpent's Lash


You were in a bailey.
You worshipped Wu Jian.
Wu Jian was greatly pleased with you.
You visited 1 branch of the dungeon, and saw 7 of its levels.
You also visited: Sewer and Bailey.

You collected 353 gold pieces.
You spent 50 gold pieces at shops.

Inventory:

Missiles
 i - 68 stones
 j - 3 large rocks
 n - 9 poisoned darts
 s - a throwing net (quivered)
 H - 17 boomerangs
Armour
 a - a +0 robe (worn)
 b - a +0 kite shield (worn)
 x - a +1 cloak
 I - a scarf of resistance (worn)
Jewellery
 f - a ring of protection from fire (left claw)
 p - a ring of wizardry
 t - an amulet of regeneration (around neck)
Wands
 o - a wand of roots (9)
 K - a wand of quicksilver (4)
Scrolls
 h - 4 scrolls of teleportation
 k - 2 scrolls of enchant armour {unknown}
 u - 2 scrolls of silence {unknown}
 v - 3 scrolls of fog {unknown}
 y - 2 scrolls of poison {unknown}
 z - 2 scrolls of torment {unknown}
 B - 4 scrolls of blinking {unknown}
 D - 3 scrolls of enchant weapon {unknown}
 E - 2 scrolls of fear {unknown}
 F - a scroll of noise {unknown}
 G - a scroll of brand weapon {unknown}
Potions
 c - 3 potions of might
 d - 4 potions of heal wounds
 e - 4 potions of curing
 g - 4 potions of attraction
 l - 6 potions of ambrosia
 m - a potion of flight
 q - 5 potions of haste
 r - 6 potions of mutation
 w - a potion of lignification {unknown}
 A - 2 potions of resistance
 C - a potion of cancellation {unknown}
 J - a potion of degeneration {unknown}
 L - a potion of berserk rage {unknown}
 N - a potion of brilliance {unknown}


   Skills:
 + Level 7.3 Fighting
 + Level 5.3 Dodging
 + Level 8.0 Shields
 * Level 11.7 Unarmed Combat


You had 9 spell levels left.
You didn't know any spells.
Your spell library contained the following spells:

 Spells                   Type           Power      Damage    Failure   Level
 Slow                     Hex            0%         N/A       65%         1
 Confusing Touch          Hex            0%         N/A       95%         3
 Dazzling Flash           Conj/Hex       0%         N/A       95%         3
 Frozen Ramparts          Ice            0%         1d1       95%         3
 Inner Flame              Hex/Fire       0%         N/A       95%         3
 Vampiric Draining        Necr           0%         2d6       95%         3
 Cause Fear               Hex            0%         N/A       100%        4
 Ice Form                 Ice/Tmut       0%         N/A       100%        4
 Iskenderun's Mystic Bla  Conj/Tloc      0%         2d3       100%        4
 Summon Ice Beast         Ice/Summ       0%         N/A       100%        4
 Starburst                Conj/Fire      0%         6d3       100%        6
 Dragon Form              Tmut           0%         N/A       100%        7
 Discord                  Hex            0%         N/A       100%        8
 Dragon's Call            Summ           0%         N/A       100%        9


Dungeon Overview and Level Annotations

Branches:
Dungeon (7/15)             Temple (0/1) D:7           Sewer (visited)
 Bailey (1/1)

Altars:
Dithmenos
Fedhas
Makhleb
Nemelex Xobeh
Qazlal
Ru
Sif Muna
Trog
Wu Jian
Yredelemnul
The Shining One

Shops:
D:2 !   D:4 =


Innate Abilities, Weirdness & Mutations

You are too large for most types of armour.
You have claws for hands.
Your natural rate of healing is unusually fast.
You are covered in fur. (AC +1)
You have tough skin. (AC +1)


Message History

You have reached level 10!
You throw a poisoned dart. The poisoned dart hits the orc warlord.
You throw a throwing net. The throwing net hits the orc warlord.
The orc warlord is caught in the net!
The orc warlord struggles against the net.
The orc warlord struggles against the net.
The orc warlord struggles against the net.
You lunge at the orc warlord.
You mangle the orc warlord!!
The orc warlord is moderately wounded.
The orc warlord struggles against the net.
You claw the orc warlord!
The orc warlord is heavily wounded.
The orc warlord struggles against the net.
The net rips apart, and the orc warlord comes free!
You barely miss the orc warlord.
The orc warlord is heavily wounded.
You block the orc warlord's attack.
You barely miss the orc warlord.
The orc warlord is heavily wounded.
The orc warlord barely misses you.
You claw the orc warlord!
The orc warlord is heavily wounded.
The orc warlord closely misses you.
You scratch the orc warlord.
The orc warlord is heavily wounded.
The orc warlord hits you with a +6 battleaxe!!!
The orc warlord attacks as you move away!
The orc warlord hits you with a +6 battleaxe!!
As you read the scroll of teleportation, it crumbles to dust.
You feel strangely unstable. You block the orc warlord's attack.
You feel much better.
The orc warlord hits you with a +6 battleaxe!!
You claw the orc warlord!
The orc warlord is severely wounded.
The orc warlord hits you with a +6 battleaxe!!
* * * LOW HITPOINT WARNING * * *
You claw the orc warlord!
The orc warlord is almost dead.
The orc warlord hits you with a +6 battleaxe!!
You die...

#................[........#
#.........................#
#...8......#'''#......8...#
##......####~)~####......##
♣##.....#~~~~~~~~~#.....##♣
♣.##....#~.8...8.~#....##.♣
♣♣..###'###.......###'###..♣♣
♣...~~~.#~~.8...8.~~#.~~~...♣
♣♣...~~))#~...@.....~#.~~~...♣♣
♣∩...~~~)#~...o∩....~#†~~~...∩♣
♣♣...~~~)##.........##.~~~...♣♣
♣...~~~.#~..8(..8..~#.~~~...♣
♣♣..###'#~.........~#'###..♣♣
♣.##.÷)#~)?8...8!|~#...##.♣
♣##....##~~#####~~##....##♣
##......####...####......##
#.........................#


You could see an orc warlord.

Vanquished Creatures
  Pikel (D:5)
  Grinder (D:3)
  Sigmund (D:3)
  Eustachio (D:5)
  Edmund (D:4)
  2 ice beasts
  A black bear (D:6)
  A sky beast (D:7)
  5 orc warriors
  3 ogres
  2 centaurs
  2 lemures (D:5)
  4 bullfrogs
  3 necrophages
  4 howler monkeys
  A jelly (D:5)
  Crazy Yiuf (D:3)
  4 orc priests
  A gnoll bouda (D:6)
  2 hounds (D:5)
  7 iguanas
  An orc wizard (D:5)
  8 gnolls
  5 adders
  8 river rats (Sewer)
  A shadow imp (D:6)
  A white imp (D:5)
  An ufetubus (D:3)
  2 worms
  3 dart slugs
  19 orcs
  10 bats
  7 endoplasms
  4 giant cockroaches
  7 hobgoblins
  6 jackals
  20 kobolds
  8 quokkas
  19 ball pythons
  8 frilled lizards
  12 goblins
  36 rats
234 creatures vanquished.

Notes
Turn   | Place    | Note
-------+----------+-------------------------------------------
     0 | D:1      | LustLizard the Troll Fighter began the quest for the Orb.
     0 | D:1      | Reached XP level 1. HP: 22/22 MP: 0/0
   173 | D:1      | Reached XP level 2. HP: 29/29 MP: 1/1
   836 | D:2      | Reached XP level 3. HP: 36/36 MP: 2/2
   921 | D:2      | Found Biffy's Distillery.
   928 | D:2      | Bought a potion of heal wounds for 50 gold pieces
   996 | D:2      | Reached skill level 3 in Unarmed Combat
  1478 | D:3      | Reached XP level 4. HP: 44/44 MP: 3/3
  1509 | D:3      | Found a shimmering blue altar of Sif Muna.
  1611 | D:3      | Found an ornate altar of the Wu Jian Council.
  1639 | D:3      | Noticed Grinder
  1659 | D:3      | Noticed a spectral centipede
  1659 | D:3      | Noticed a spectral black mamba
  1659 | D:3      | Noticed a spectral cane toad
  1660 | D:3      | Became a worshipper of the Wu Jian Council
  1676 | D:3      | Paralysed by Grinder for 4 turns
  1680 | D:3      | Killed Grinder
  1681 | D:3      | Reached skill level 4 in Unarmed Combat
  1681 | D:3      | Reached XP level 5. HP: 47/53 MP: 4/4
  1681 | D:3      | Reached XP level 6. HP: 54/61 MP: 5/5
  1806 | D:3      | Found a runed translucent door.
  1807 | D:3      | Noticed Crazy Yiuf
  1898 | D:3      | Noticed Sigmund
  1930 | D:3      | Killed Sigmund
  1931 | D:3      | Reached skill level 5 in Unarmed Combat
  2091 | D:3      | Killed Crazy Yiuf
  2200 | D:4      | Reached XP level 7. HP: 19/68 MP: 6/6
  2334 | D:4      | Found Xuoqou's Jewellery Shop.
  2345 | D:4      | Noticed Edmund
  2356 | D:4      | Killed Edmund
  2392 | D:4      | Reached skill level 6 in Unarmed Combat
  2423 | D:4      | Reached * piety under Wu Jian
  2432 | D:4      | Found a sacrificial altar of Ru.
  2476 | D:4      | Found a stormy altar of Qazlal.
  2478 | D:4      | Noticed an air elemental
  2479 | D:4      | Noticed a fire elemental
  2479 | D:4      | Noticed a water elemental
  2912 | D:5      | Entered Level 5 of the Dungeon
  2912 | D:5      | Noticed Eustachio
  2922 | D:5      | Killed Eustachio
  2931 | D:5      | Found a blossoming altar of Fedhas.
  2984 | D:5      | Reached skill level 5 in Shields
  2988 | D:5      | Noticed Pikel
  3010 | D:5      | Killed Pikel
  3011 | D:5      | Reached skill level 7 in Unarmed Combat
  3011 | D:5      | Reached XP level 8. HP: 37/79 MP: 7/7
  3014 | D:5      | Reached skill level 5 in Fighting
  3151 | D:5      | Reached skill level 8 in Unarmed Combat
  3248 | D:5      | Found a glowing drain.
  3252 | Sewer    | Entered a sewer
  3337 | Sewer    | Reached ** piety under Wu Jian
  3517 | Sewer    | Reached *** piety under Wu Jian
  3657 | D:5      | Reached XP level 9. HP: 88/88 MP: 8/8
  4186 | D:6      | Reached skill level 9 in Unarmed Combat
  4375 | D:6      | Found a bloodstained altar of Trog.
  4376 | D:6      | Found a basalt altar of Yredelemnul.
  4376 | D:6      | Found a sparkling altar of Nemelex Xobeh.
  4376 | D:6      | Found a glowing golden altar of the Shining One.
  4396 | D:6      | Found a shadowy altar of Dithmenos.
  4396 | D:6      | Found a burning altar of Makhleb.
  4633 | D:7      | Reached **** piety under Wu Jian
  4716 | D:7      | Found a flagged portal.
  4733 | D:7      | Found a staircase to the Ecumenical Temple.
  4801 | Bailey   | Entered a bailey
  4806 | Bailey   | Noticed an orc warlord
  4870 | Bailey   | Reached skill level 10 in Unarmed Combat
  4933 | Bailey   | Found a runed translucent gate.
  4936 | Bailey   | Found a runed translucent gate.
  4938 | Bailey   | Found a runed translucent gate.
  5113 | Bailey   | Reached skill level 5 in Dodging
  5113 | Bailey   | Reached skill level 11 in Unarmed Combat
  5113 | Bailey   | Reached XP level 10. HP: 102/102 MP: 9/9
  5128 | Bailey   | Mangled by an orc warlord

Illustrated notes

Levels and vault maps discovered:
D:1:      minmay_arrival_stone_box, layout_loops_cross
D:2:      layout_rooms, serial_shops, shop
D:3:      layout_basic, pdpol_wu_jian_five_deadly_venoms, old_standard_altar,
          uniq_sigmund, uniq_crazy_yiuf_cottage, uniq_grinder
D:4:      layout_basic, nicolae_qazlal_style_of_elements, hangedman_ru_absence,
          serial_shops, nicolae_shop_behind_doors, ldierk_geyser, uniq_edmund
D:5:      layout_rooms, mainiacjoe_overflow_alcove_2, gup_sewer_entry_spiral,
          uniq_eustachio, uniq_pikel
D:6:      layout_basic, minmay_overflow_temple_hex
D:7:      layout_cave_pools, minmay_temple_entry_statues_pillars,
          enter_bailey_2, kennysheep_generic_room_10
Bailey:   bailey_axe_bossmonster_kennysheep, bailey

Skill      XL: |  1  2  3  4  5  6  7  8  9 |
---------------+----------------------------+-----
Shields        | 3 4 5 6 8 |  8.0
Unarmed Combat | 3 4 5 7 8 11 | 11.7
Fighting       | 3 4 5 7 |  7.3
Dodging        | 5 |  5.3

Action                   |  1- 3 |  4- 6 |  7- 9 | 10-12 || total
-------------------------+-------+-------+-------+-------++-------
Melee: Unarmed           |   127 |    75 |   445 |     8 ||   655
Throw: Dart              |       |       |     3 |     1 ||     4
       Throwing net      |       |       |       |     1 ||     1
Invok: Lunge             |       |     3 |    38 |     1 ||    42
       Whirlwind         |       |       |     8 |       ||     8
  Use: Scroll            |     3 |     1 |     3 |     1 ||     8
       Potion            |       |       |     1 |     1 ||     2
 Stab: Sleeping          |     2 |       |       |       ||     2
Armor: Robe              |    39 |    15 |   107 |       ||   161
Dodge: Dodged            |    58 |    15 |   136 |     2 ||   211
Block: Kite shield       |    37 |    21 |   152 |     2 ||   212
